Map: Para Site LE

Players

lIIllllIIlll (INnoVation) - Winner!

  • Race: Terran Terran
  • League: Master
  • Spawn Location: 11:00

Serral

  • Race: Zerg Zerg
  • League: Master
  • Spawn Location: 5:00

Event: HomeStory Cup XVIII

VOD

Have the link to the VOD?

Description

Time

  • Played on: Nov. 25, 2018, 3:58 p.m.
  • Length: 3:26

All games in this series

Show
View Real Time Build Order
Export as new Build Order

lIIllllIIlll Terran - Winner!

Build Orders:  

Get SALT Encoding   

  12  0:00  SCV  
  13  0:12  SCV  
  14  0:17  Supply Depot  
  14  0:24  SCV  
  15  0:39  Barracks  
  15  0:50  Barracks  
  15  1:02  Barracks  
  15  1:06  SCV  
  16  1:18  SCV  
  17  1:25  Marine  
  17  1:30  Orbital Command  
  18  1:37  Marine  
  19  1:43  Supply Depot, Marine  
  20  1:49  Marine  
  21  1:54  Marine  
  21  1:59  Bunker  
  22  2:02  Marine  
  22  2:07  Marine  
  24  2:12  Marine  
  24  2:19  Bunker  
  24  2:20  Marine  
  24  2:21  Bunker  
  25  2:25  Marine  
  26  2:37  Marine  
  26  2:40  Marine, Bunker  
  26  2:42  Marine  
  29  2:48  Supply Depot  
  28  2:55  Marine  
  28  2:58  Marine  
  29  3:00  Marine  
Show
View Real Time Build Order
Export as new Build Order

Serral Zerg 

Build Orders: Hatch First, Ravager All-In 

Get SALT Encoding   

  12  0:00  Drone  
  13  0:12  Overlord  
  13  0:16  Drone  
  14  0:30  Drone x2  
  16  0:48  Hatchery  
  15  0:51  Drone  
  15  0:54  Drone  
  17  0:57  Drone  
  18  1:08  Extractor  
  17  1:12  Spawning Pool  
  17  1:16  Drone  
  18  1:22  Drone  
  19  1:33  Drone  
  20  2:00  Queen x2, Zergling x8  
  28  2:12  Overlord  
  26  2:31  Zergling x6  
  25  2:40  Zergling x2  
  24  2:54  Drone  
Tags
 
Add a new tag
Caveats
  • Supply blocks, unpowered buildings, or Contaminate may cause inaccurate times.
  • Supply counts are checked every 10 seconds.